 Dungeon Crawl Stone Soup version 0.29.1-1-gd02db6906a (webtiles) character file.

Game seed: 13472084512903981854

1629 GeoRichter the Frost Mage (level 8, 0/78 HPs)
             Began as a Demonspawn Ice Elementalist on Oct 17, 2022.
             Was an Initiate of Gozag.
             Succumbed to Duvessa's poison
             ... on level 6 of the Dungeon.
             The game lasted 00:16:13 (5912 turns).

GeoRichter the Frost Mage (DsIE)                    Turns: 5912, Time: 00:16:14

Health: 0/78       AC: 16    Str:  5    XL:     8   Next: 65%
Magic:  16/16      EV: 12    Int: 19    God:    Gozag
Gold:   109        SH:  0    Dex: 14    Spells: 7/18 levels left

rFire   + . .      SeeInvis .   F - +5 trident
rCold   . . .      Faith    .   (no shield)
rNeg    . . .      Spirit   .   q - +2 robe "Cocreh" {Rampage rPois rF+ Str-3}
rPois   +          Reflect  .   (no helmet)
rElec   .          Harm     .   D - +0 cloak
rCorr   .          Rampage  +   (no gloves)
Will    .....                   t - +0 pair of boots
Stlth   ..........              E - amulet of magic regeneration
HPRegen 0.23/turn               (no ring)
MPRegen 0.70/turn               (no ring)

@: berserking, lethally poisoned (0 -> -20), ice-armoured, gold aura, freezing
walls, very quick
A: yellow scales 2, ignite blood 1, magic regeneration
a: Renounce Religion, Potion Petition, Call Merchant, Bribe Branch


You were on level 6 of the Dungeon.
You worshipped Gozag.
Gozag was aware of your devotion.
You visited 2 branches of the dungeon, and saw 7 of its levels.

You collected 551 gold pieces.
You paid 442 gold pieces to Gozag.

Inventory:

Hand Weapons
 o - a +2 whip of electrocution
   (You took it off a kobold on level 2 of the Dungeon)
 F - a +5 trident (weapon)
   (You took it off a wight on level 6 of the Dungeon)
Armour
 a - a +0 robe
 q - the +2 robe "Cocreh" (worn) {Rampage rPois rF+ Str-3}
   (You found it on level 2 of the Dungeon)

   Str:       It affects your strength (-3).
   rF:        It protects you from fire.
   rPois:     It protects you from poison.
   Rampage:   It bestows one free step when moving towards enemies.
 t - a +0 pair of boots (worn)
   (You found it on level 3 of the Dungeon)
 D - a +0 cloak (worn)
   (You found it on level 5 of the Dungeon)
 G - a +0 kite shield
   (You found it on level 6 of the Dungeon)
Jewellery
 E - an amulet of magic regeneration (around neck)
   (You found it on level 5 of the Dungeon)
Wands
 y - a wand of charming (11)
   (You took it off Ijyb on level 4 of the Dungeon)
 z - a wand of light (13)
   (You found it on level 4 of the Dungeon)
Scrolls
 c - 2 scrolls of enchant armour {unknown}
 d - 2 scrolls of summoning {unknown}
 e - 3 scrolls of magic mapping {unknown}
 g - 4 scrolls of immolation {unknown}
 j - 3 scrolls of blinking {unknown}
 k - 3 scrolls of noise {unknown}
 l - 2 scrolls of identify {unknown}
 m - 2 scrolls of teleportation {unknown}
 n - a scroll of brand weapon {unknown}
 r - 3 scrolls of vulnerability {unknown}
 s - 2 scrolls of fear {unknown}
 v - a scroll of enchant weapon {unknown}
 x - a scroll of butterflies {unknown}
 C - 2 scrolls of torment {unknown}
Potions
 b - 2 potions of magic
 f - 2 potions of berserk rage {unknown}
 h - 3 potions of curing {unknown}
 i - 2 potions of attraction {unknown}
 p - a potion of invisibility {unknown}
 u - 2 potions of might {unknown}
 w - a potion of brilliance {unknown}
 A - a potion of haste {@q3}
 B - a potion of cancellation {unknown}


   Skills:
 - Level 1.7 Dodging
 - Level 1.7 Stealth
 + Level 5.6 Spellcasting
 + Level 4.2 Conjurations
 * Level 8.4 Ice Magic


You had 7 spell levels left.
You knew the following spells:

 Your Spells              Type           Power      Damage    Failure   Level
a - Freeze                Ice            100%       1d11      1%          1
b - Frozen Ramparts       Ice            74%        1d12      1%          3
c - Ozocubu's Armour      Ice            37%        N/A       1%          3
d - Hailstorm             Conj/Ice       29%        3d8       9%          4

Your spell library contained the following spells:

 Spells                   Type           Power      Damage    Failure   Level
 Ensorcelled Hibernation  Hex/Ice        42%        N/A       3%          2
 Passwall                 Tmut/Erth      4%         N/A       19%         2
 Swiftness                Air            5%         N/A       34%         3


Dungeon Overview and Level Annotations

Branches:
Dungeon (6/15) Zot: 25811  Temple (1/1) D:4 Zot: 5890

Altars:
Ashenzari
Cheibriados
Fedhas
Gozag
Hepliaklqana
Kikubaaqudgha
Makhleb
Okawaru
Ru
Sif Muna
Trog
Vehumet
Wu Jian
Xom

Shops:
D:6 *

Annotations:
D:3 2 transporters, jagadanchi's ghost, amateur GrEE
D:4 Menkaure
D:6 exclusions: wight and 1 more exclusion, Sigmund


Innate Abilities, Weirdness & Mutations

You are mostly covered in yellow scales. (AC +3)
Your demonic aura sometimes causes spilled blood to erupt in flames.
You regenerate magic rapidly.


Message History

The wall freezes Duvessa but does no damage.
Duvessa hits you with a +4 short sword of venom!
The wall freezes Duvessa.
Duvessa closely misses you.
You hit Duvessa.
You feel sick.
The wall freezes Duvessa.
Duvessa hits you with a +4 short sword of venom.
* * * LOW HITPOINT WARNING * * *
You are more poisoned.
The wall freezes Duvessa.
Duvessa hits you with a +4 short sword of venom!
* * * LOW HITPOINT WARNING * * *
Okay, then.
Aim: Duvessa, wielding a +4 short sword of venom and wearing a +0 chain mail (moderately wounded, berserk)
You freeze Duvessa!
* * * LOW HITPOINT WARNING * * *
You feel very sick.
The wall freezes Duvessa.
Duvessa hits you with a +4 short sword of venom!
* * * LOW HITPOINT WARNING * * *
[a] - 378 gold - heal wounds, berserk rage and magic [b] - 405 gold - haste and heal wounds [c] - 224 gold - heal wounds and curing Purchase which effect?
You no longer have enough gold to petition Gozag for potion effects.
You feel much better.
A red film seems to cover your vision as you go berserk!
You feel yourself moving faster!
You feel mighty! Magic courses through your body.
You feel very sick.
The wall freezes Duvessa.
Duvessa hits you with a +4 short sword of venom.
* * * LOW HITPOINT WARNING * * *
You are more poisoned.
The wall freezes Duvessa.
Duvessa closely misses you.
You hit Duvessa.
You feel very sick.
The wall freezes Duvessa but does no damage.
Duvessa hits you with a +4 short sword of venom!
* * * LOW HITPOINT WARNING * * *
You barely miss Duvessa.
You feel sick.
The wall freezes Duvessa.
Duvessa hits you with a +4 short sword of venom.
* * * LOW HITPOINT WARNING * * *
You are more poisoned.
You puncture Duvessa!
You kill Duvessa!
* * * LOW HITPOINT WARNING * * *
You feel very sick.
You are too berserk!
There is a lethal amount of poison in your body!
You die...
Your body crumbles into a pile of gold.

$ #.#####.######
#.##>....)....
#.##.##.######
.#.##.##.# #
#.#.......# #
#.####.#### # #.
.##.#####.# #.##### #
.. ......$.°.#
#.#...## # #
#@#.####..###.# # .#
.######.........# #.#
#....
..........####..###.#
.(# #########.#
#.#...## ..# ##.##
#.##.## ##...###.##.#
.. ##.###.##.##.# ..#
#######.## ##)#.##.#
..# >.......#
#...##.#


There were no monsters in sight!

Vanquished Creatures
  Duvessa (D:6)
  2 water moccasins
  2 black bears
  2 ice beasts (D:6)
  2 ogres
  A bullfrog (D:6)
  4 scorpions
  A wight (D:6)
  Dowan (D:6)
  2 hounds (D:5)
  2 orc priests
  Ijyb (D:4)
  Terence (D:2)
  2 iguanas
  2 orc wizards
  3 adders
  2 white imps
  An ufetubus (D:3)
  18 orcs
  7 endoplasms
  4 giant cockroaches
  7 goblins
  2 hobgoblins
  8 ball pythons
  4 bats
  2 frilled lizards (D:1)
  6 kobolds
  A rat (D:1)
91 creatures vanquished.

Notes
Turn   | Place    | Note
-------+----------+-------------------------------------------
     0 | D:1      | GeoRichter the Demonspawn Ice Elementalist began the quest
                  | for the Orb.
     0 | D:1      | Reached XP level 1. HP: 13/13 MP: 3/3
    19 | D:1      | Found a faded altar of an unknown god.
   607 | D:1      | Gained mutation: You are partially covered in yellow
                  | scales. (AC +2) [demonic ancestry]
   607 | D:1      | Reached XP level 2. HP: 16/19 MP: 3/5
   697 | D:1      | Reached skill level 4 in Ice Magic
  1208 | D:2      | Noticed Terence
  1509 | D:2      | Reached XP level 3. HP: 18/24 MP: 1/6
  1620 | D:2      | Learned a level 3 spell: Frozen Ramparts
  1624 | D:2      | Learned a level 3 spell: Ozocubu's Armour
  1670 | D:2      | Killed Terence
  2026 | D:2      | Identified the +2 robe "Cocreh" {Rampage rPois rF+ Str-3}
  2158 | D:3      | Gained mutation: You regenerate magic rapidly. [demonic
                  | ancestry]
  2158 | D:3      | Reached XP level 4. HP: 30/30 MP: 1/8
  2383 | D:3      | Reached skill level 5 in Ice Magic
  2481 | D:3      | Found a transporter.
  2483 | D:3      | Noticed jagadanchi's ghost (amateur GrEE)
  2516 | D:3      | Found a transporter.
  3007 | D:4      | Noticed an ogre
  3022 | D:4      | Killed an ogre
  3023 | D:4      | Reached XP level 5. HP: 35/35 MP: 1/10
  3163 | D:4      | Noticed Menkaure
  3327 | D:4      | Reached XP level 6. HP: 41/41 MP: 2/11
  3413 | D:4      | Noticed Ijyb
  3423 | D:4      | Killed Ijyb
  3424 | D:4      | Reached skill level 6 in Ice Magic
  3466 | D:4      | Learned a level 4 spell: Hailstorm
  3638 | D:4      | Found a staircase to the Ecumenical Temple.
  3648 | Temple   | Entered the Ecumenical Temple
  3740 | Temple   | Became a worshipper of Gozag Ym Sagoz the Greedy
  3898 | D:5      | Entered Level 5 of the Dungeon
  3975 | D:5      | Noticed a water moccasin
  3983 | D:5      | Killed a water moccasin
  3984 | D:5      | Reached skill level 1 in Conjurations
  4116 | D:5      | Gained mutation: You are mostly covered in yellow scales.
                  | (AC +3) [demonic ancestry]
  4116 | D:5      | Reached XP level 7. HP: 39/46 MP: 8/13
  4132 | D:5      | Reached skill level 7 in Ice Magic
  4753 | D:6      | Gained mutation: Your demonic aura sometimes causes spilled
                  | blood to erupt in flames. [demonic ancestry]
  4753 | D:6      | Reached XP level 8. HP: 33/52 MP: 15/15
  4913 | D:6      | Reached skill level 5 in Spellcasting
  5389 | D:6      | Found Xient's Elemental Accessories.
  5437 | D:6      | Noticed Sigmund
  5473 | D:6      | Reached skill level 8 in Ice Magic
  5860 | D:6      | Noticed Duvessa
  5860 | D:6      | Noticed Dowan
  5868 | D:6      | Killed Dowan
  5907 | D:6      | HP: 2/52 [Duvessa/+4 short sword of venom (10)]
  5911 | D:6      | Killed Duvessa
  5912 | D:6      | Succumbed to Duvessa's poison

Illustrated notes

Levels and vault maps discovered:
D:1:      heliophobic_arrival_ceremonial_halls, layout_basic,
          chequers_ecumenical_altar_island
D:2:      layout_rooms, minmay_surrounded, uniq_terence
D:3:      layout_basic, gammafunk_ghost_arena, grunt_decor_junction,
          solitary_fountain, kennysheep_small_spiral, nicolae_underground_beach
D:4:      layout_gridville, minmay_temple_entry_overgrown, kennysheep_potato,
          uniq_menkaure, uniq_ijyb
D:5:      layout_rooms, ebering_dispersal_statue_hall, grunt_ministairs_3
D:6:      layout_loops_ring, abandoned_shop, nicolae_elemental_shop,
          hellmonk_bongcloud_opening, patterned_corridor, uniq_duvessa,
          uniq_sigmund
Temple:   lightli_temple_of_artemis

Skill      XL: |  1  2  3  4  5  6  7  8 |
---------------+-------------------------+-----
Ice Magic      | 4 5 6 7 8 |  8.4
Spellcasting   | 3 4 5 |  5.6
Conjurations   | 1 3 4 |  4.2
Dodging        | |  1.7
Stealth        | |  1.7

Action                   |  1- 3 |  4- 6 |  7- 9 || total
-------------------------+-------+-------+-------++-------
Melee: Dagger            |    22 |       |       ||    22
       Whip              |     8 |    42 |    37 ||    87
       Trident           |       |       |    32 ||    32
 Cast: Freeze            |    41 |    18 |     3 ||    62
       Frozen Ramparts   |     2 |    15 |    14 ||    31
       Ozocubu's Armour  |     2 |     9 |    10 ||    21
Invok: Potion Petition   |       |       |     1 ||     1
  Use: Potion            |       |       |     1 ||     1
 Stab: Sleeping          |     2 |     1 |     1 ||     4
Armor: Robe              |    15 |    30 |    27 ||    72
Dodge: Dodged            |    29 |    49 |    37 ||   115
